Map: Lerilak Crest

Players

Yemany

  • Race: Protoss Protoss
  • League: Bronze

Toons - Winner!

  • Race: Terran Terran
  • League: Silver

VOD

Have the link to the VOD?

Description

Time

  • Played on: Aug. 1, 2015, 6:50 a.m.
  • Length: 11:29
Show
View Real Time Build Order
Export as new Build Order

Yemany Protoss 

Build Orders: Nexus First 

Get SALT Encoding   

  12  0:04  Probe  
  13  0:42  Nexus  
  13  0:48  Probe (Chrono Boost)  
  14  0:56  Pylon  
  14  1:16  Gateway  
  14  1:18  Probe  
  15  1:30  Probe  
  16  1:37  Assimilator  
  16  1:42  Probe (Chrono Boost), Assimilator  
  18  1:54  Probe (Chrono Boost)  
  18  2:00  Pylon  
  18  2:03  Probe (Chrono Boost)  
  19  2:11  Cybernetics Core, Probe x2  
  23  2:22  Zealot  
  23  2:23  Probe x2 (Chrono Boost)  
  25  2:35  Probe (Chrono Boost)  
  27  2:41  Probe (Chrono Boost)  
  27  2:45  Probe (Chrono Boost)  
  27  2:48  Probe (Chrono Boost), Warp Gate (Chrono Boost)  
  25  2:59  Stalker (Chrono Boost)  
  25  3:00  Probe  
  28  3:08  Probe  
  28  3:20  Probe  
  28  3:32  Probe  
  28  3:45  Probe  
  29  3:50  Sentry, Gateway x2  
  29  3:53  Robotics Facility  
  31  3:57  Probe  
  32  4:08  Pylon  
  32  4:09  Probe  
  28  4:17  Stalker (Chrono Boost)  
  29  4:49  Stalker  
  29  4:50  Stalker x2  
  35  5:23  Nexus  
  35  5:25  Pylon  
  35  5:29  Pylon  
  35  5:31  Pylon  
  35  5:34  Pylon  
  35  5:43  Immortal (Chrono Boost)  
  35  5:44  Forge  
  35  5:45  Sentry  
  41  6:06  Stalker  
  43  6:11  Zealot x2  
  47  6:20  Pylon  
  47  6:23  Immortal (Chrono Boost)  
  51  6:32  Probe  
  52  6:44  Probe  
  52  6:46  Twilight Council  
  53  6:49  Probe  
  54  6:57  Probe (Chrono Boost)  
  55  7:01  Probe (Chrono Boost)  
  56  7:11  Zealot x3  
  56  7:13  Probe (Chrono Boost)  
  56  7:14  Probe (Chrono Boost)  
  64  7:16  Observer  
  64  7:19  Probe (Chrono Boost)  
  64  7:21  Probe (Chrono Boost)  
  67  7:31  Probe (Chrono Boost)  
  67  7:32  Robotics Bay  
  67  7:34  Zealot x2  
  72  7:40  Probe (Chrono Boost)  
  73  7:48  Probe (Chrono Boost)  
  73  7:51  Immortal  
  79  8:00  Probe (Chrono Boost)  
  79  8:02  Assimilator  
  79  8:07  Probe (Chrono Boost)  
  79  8:10  Pylon  
  80  8:17  Probe  
  81  8:25  Charge (Chrono Boost)  
  81  8:29  Probe  
  81  8:33  Zealot x2  
  81  8:34  Zealot  
  82  8:44  Observer  
  83  8:48  Photon Cannon  
  81  9:17  Assimilator  
  81  9:36  Zealot x3  
  90  9:49  Disruptor  
  90  10:03  Probe  
  91  10:15  Probe  
  89  10:27  Probe  
  88  10:39  Probe  
  89  10:45  Disruptor  
  89  10:51  Probe  
  90  11:03  Probe  
  91  11:06  Pylon  
  91  11:08  Pylon  
  91  11:10  Pylon  
  95  11:15  Probe  
Show
View Real Time Build Order
Export as new Build Order

Toons Terran - Winner!

Build Orders:  

Get SALT Encoding   

  12  0:03  SCV  
  13  0:15  SCV  
  13  0:19  Supply Depot  
  14  0:27  SCV  
  15  0:41  SCV  
  16  0:42  Barracks  
  16  0:46  Refinery  
  16  0:53  SCV  
  17  1:05  SCV  
  18  1:11  Refinery  
  18  1:21  SCV  
  18  1:22  Supply Depot  
  20  1:38  Reaper  
  20  1:45  SCV  
  21  1:57  SCV, Barracks  
  22  2:03  Barracks  
  22  2:10  Marine  
  23  2:20  SCV  
  24  2:28  Supply Depot  
  24  2:30  Marine  
  25  2:51  Marine x3  
  28  3:00  SCV  
  29  3:08  Marine  
  29  3:11  Marine x2  
  32  3:26  Supply Depot, Marine  
  32  3:35  Command Center  
  32  3:38  Barracks Reactor  
  32  3:41  Barracks Reactor  
  33  3:48  SCV  
  33  3:50  Barracks Tech Lab  
  33  4:00  Supply Depot, Factory  
  33  4:16  Marauder  
  35  4:17  Marine x2  
  35  4:22  Marine x2  
  39  4:24  SCV  
  40  4:32  Engineering Bay  
  42  4:45  Marauder, Marine  
  42  4:46  Marine x2  
  45  5:06  Widow Mine  
  43  5:09  Marauder  
  43  5:11  Stimpack  
  47  5:14  Marine x2  
  47  5:15  Marine  
  47  5:21  Orbital Command  
  50  5:44  SCV  
  50  5:49  Terran Infantry Weapons Level 1  
  51  5:50  Widow Mine  
  51  5:56  SCV  
  54  6:01  Marine  
  54  6:02  Marine x2  
  54  6:03  Marauder, Marine  
  60  6:04  Starport  
  60  6:20  Orbital Command  
  60  6:27  Marine x3  
  60  6:28  Marine x2  
  60  6:32  Factory Reactor  
  65  6:40  Supply Depot  
  65  6:46  Marauder  
  67  6:47  Supply Depot  
  67  6:55  SCV x2  
  69  7:04  Supply Depot  
  69  7:06  Starport Reactor  
  69  7:08  Supply Depot  
  69  7:10  Barracks  
  69  7:13  Concussive Shells, Marauder  
  69  7:14  Marine  
  72  7:18  Widow Mine  
  74  7:30  SCV x2  
  74  7:36  Refinery  
  76  7:38  Refinery  
  76  7:40  Marine x2, Marauder  
  76  7:41  Marine x2  
  76  7:42  SCV x2  
  84  7:44  Medivac  
  86  8:01  Marine x2  
  86  8:04  Medivac  
  90  8:07  Barracks Tech Lab  
  90  8:11  Supply Depot  
  90  8:14  Terran Infantry Armor Level 1  
  90  8:34  SCV x2  
  90  8:40  Supply Depot  
  92  8:51  Armory  
  92  8:52  Missile Turret  
  92  8:55  Missile Turret  
  92  8:57  SCV x2  
  94  9:07  Marine x5  
  94  9:08  Marine  
  94  9:09  SCV x2  
  100  9:10  Medivac  
  100  9:11  Command Center  
  102  9:26  Marauder  
  104  9:37  Marauder  
  106  9:41  Medivac x2  
  110  9:47  Marauder  
  112  10:01  Marauder  
  112  10:04  Hellbat x2  
  118  10:23  Marauder  
  118  10:26  Missile Turret  
  118  10:34  Marine x3  
  118  10:35  Marauder  
  121  10:37  Hellbat x2  
  125  10:45  Orbital Command, Marauder  
  127  10:56  Marauder  
  129  11:06  Marauder  
  129  11:08  Marine x2  
  133  11:13  Barracks x2  
  133  11:14  Barracks  
  133  11:18  Barracks  
Tags
 
Add a new tag
Caveats
  • Supply blocks, unpowered buildings, or Contaminate may cause inaccurate times.
  • Supply counts are checked every 10 seconds.